 Dungeon Sprint DCSS version 0.27-a0-1456-gf5a116941d (webtiles) character file.

Game seed: 4088823310760399573

3 mhtbhm the Skirmisher (level 1, -1/20 HPs)
             Began as a Hill Orc Fighter on July 5, 2021.
             Slain by a human (8 damage)
             ... in the Dungeon (Sprint III: "The Ten Rune Challenge").
             The game lasted 00:00:11 (127 turns).

mhtbhm the Skirmisher (Hill Orc Fighter)             Turns: 127, Time: 00:00:12

Health: -1/20      AC:  7    Str: 18    XL:     1   Next: 50%
Magic:  1/1        EV:  7    Int:  8    God:
Gold:   0          SH:  9    Dex: 10    Spells: 0/0 levels left

rFire    . . .     SeeInvis .   a - +0 war axe
rCold    . . .     Faith    .   c - +0 kite shield
rNeg     . . .     Spirit   .   b - +0 scale mail
rPois    .         Reflect  .   (no helmet)
rElec    .         Harm     .   (no cloak)
rCorr    .         Rampage  .   (no gloves)
Will     .....     NoTele   +   (no boots)
Stlth    ..........             (no amulet)
HPRegen  0.06/turn              (no ring)
MPRegen  0.07/turn              (no ring)

@: no status effects
A: no striking features
a: no special abilities


You were in the Dungeon.
You visited 1 branch

Inventory:

Hand Weapons
 a - a +0 war axe (weapon)
Armour
 b - a +0 scale mail (worn)
 c - a +0 kite shield (worn)
Scrolls
 j - a scroll of blinking
Potions
 d - a potion of might
 e - a potion of curing
 f - a potion of heal wounds
 g - 2 potions of haste
 h - 2 potions of magic
 i - a potion of berserk rage
 k - a potion of resistance {unknown}


   Skills:
 + Level 4.1 Fighting
 + Level 3.1 Axes
 + Level 3.7 Armour
 + Level 3.7 Shields


You couldn't memorise any spells.
You didn't know any spells.
Your spell library was empty.

Dungeon Overview and Level Annotations

Branches:
Dungeon (1/1)

Altars:


Message History

No target in view!
No target in view!
No target in view!
No target in view!
You see here a rat corpse.
A human comes into view.
The human shouts!
You see here a rat corpse.
You block the human's attack.
You hit the human.
The human is lightly wounded.
The human hits you. The human barely misses you.
You closely miss the human.
The human is lightly wounded.
The human closely misses you.
You hit the human but do no damage.
The human is lightly wounded.
The human hits you but does no damage. The human hits you.
You closely miss the human.
The human is lightly wounded.
The human hits you but does no damage.
You slash the human!
The human is moderately wounded.
The human hits you. The human hits you but does no damage.
You miss the human.
The human is moderately wounded.
The human closely misses you.
You slash the human!
The human is heavily wounded.
The human barely misses you. x2
You barely miss the human.
The human is heavily wounded.
The human hits you. The human closely misses you.
You completely miss the human.
The human is heavily wounded.
The human barely misses you.
You closely miss the human.
The human is heavily wounded.
The human hits you. The human hits you!
You die...

▓<..#...####
▓...#......##
▓..##...†...#
▓##.##.##...# .#
##.##.###..# ..#
▓#.####.##..# ...+
▓.###..##.†##
#p..# ▓#.....##..#
#....#
###†.##..@##.....#
##..##...p#......#
#..###..##.# #..#
#.. ### ▓▓▓▓ ▓▓▓


You could see a human.

Vanquished Creatures
  An endoplasm (D)
  3 rats (D)
4 creatures vanquished.

Notes
Turn   | Place    | Note
-------+----------+-------------------------------------------
     0 | D        | mhtbhm the Hill Orc Fighter began the quest for the Orb.
     0 | D        | Reached XP level 1. HP: 19/19 MP: 1/1
    18 | D        | Reached skill level 4 in Fighting
   127 | D        | Slain by a human

Illustrated notes

Levels and vault maps discovered:
D:        dungeon_sprint_mu [sprint_mu_entry_cave, sprint_mu_temple_rooms,
          sprint_mu_d1_horrors, sprint_mu_d2_genie, sprint_mu_d3_branching,
          sprint_mu_orc_legion, sprint_mu_elf_gauntlet, sprint_mu_hive_nellie,
          sprint_mu_lair_fedhas, sprint_mu_vaults_butterflies,
          sprint_mu_slime_circle, sprint_mu_shoals_kraken,
          sprint_mu_snake_twists, sprint_mu_blade_basic, sprint_mu_crypt_lich,
          sprint_mu_tomb_spiral, sprint_mu_vestibule_basic,
          sprint_mu_gehenna_hellfire, sprint_mu_dis_giant,
          sprint_mu_tartarus_statrot, sprint_mu_cocytus_islands, sprint_mu_zot1]

Skill      XL: |  1 |
---------------+----+-----
Fighting       | 4 |  4.1
Axes           | 3 |  3.1
Armour         | |  3.7
Shields        | |  3.7

Action                   || total
-------------------------++-------
Melee: War axe           ||    26
Armor: Scale mail        ||    12
Dodge: Dodged            ||    10
Block: Kite shield       ||     6

Table legend: (Time is in decaauts)
 A = Elapsed time spent in this place.
 B = Non-inter-level travel time spent in this place.
 C = Inter-level travel time spent in this place.
 D = Time resting spent in this place.
 E = Time spent auto-exploring this place.
 F = Levels seen in this place.
 G = Mean time per level.
                   A        B        C        D        E       F      G
               +--------+--------+--------+--------+--------+-----+--------+
         Total |    141 |    141 |      0 |      0 |     83 |   1 |  141.0 |
       Dungeon |    141 |    141 |      0 |      0 |     83 |   1 |  141.0 |
               +--------+--------+--------+--------+--------+-----+--------+

Top non-repeatable levels by time:
       D: 141 daAuts
